 Dungeon Crawl Stone Soup version 0.31-a0-83-gbff143cfd1 (webtiles) character file.

Game seed: 14956481868603779144

80 pokeman the Magician (level 4, 0/25 HPs)
             Began as a Deep Elf Hedge Wizard on May 24, 2023.
             Slain by a goblin
             ... wielding a +0 dagger
             ... led by Robin
              (4 damage)
             ... on level 2 of the Dungeon.
             The game lasted 00:05:00 (1617 turns).

pokeman the Magician (Deep Elf Hedge Wizard)        Turns: 1617, Time: 00:05:01

Health: 0/25       AC:  2    Str:  7    XL:     4   Next: 18%
Magic:  10/13      EV: 12    Int: 21    God:
Gold:   94         SH:  0    Dex: 14    Spells: 6/14 levels left

rFire   . . .        a - +0 dagger
rCold   . . .        (no shield)
rNeg    . . .        b - +0 robe
rPois   .            c - +0 hat
rElec   .            (no cloak)
rCorr   .            (no gloves)
SInv    .            (no boots)
Will    .....        e - amulet of magic regeneration
Stlth   ++           (no ring)
HPRegen 0.24/turn    (no ring)
MPRegen 0.53/turn

%: no passive effects
@: very slightly contaminated
A: no striking features
a: no special abilities


You were on level 2 of the Dungeon.
You visited 1 branch of the dungeon, and saw 2 of its levels.

You collected 94 gold pieces.

Inventory:

Hand Weapons
 a - a +0 dagger (weapon)
Armour
 b - a +0 robe (worn)
 c - a +0 hat (worn)
Jewellery
 e - an amulet of magic regeneration (around neck)
 l - a ring of fire
Scrolls
 f - a scroll of enchant armour {unknown}
 g - a scroll of vulnerability {unknown}
 h - a scroll of teleportation {unknown}
 j - a scroll of blinking {unknown}
 m - a scroll of magic mapping {unknown}
Potions
 d - a potion of magic
 i - a potion of resistance {unknown}
 k - 2 potions of invisibility {unknown}


   Skills:
 - Level 1.1 Fighting
 - Level 1.0 Armour
 + Level 2.7 Dodging
 + Level 2.4 Stealth
 * Level 5.6 Spellcasting
 + Level 2.1 Conjurations
 - Level 1.1 Summonings
 - Level 1.1 Translocations


You had 6 spell levels left.
You knew the following spells:

 Your Spells              Type           Power      Damage    Failure   Level
a - Magic Dart            Conj           56%        1d5       4%          1
b - Mephitic Cloud        Conj/Pois/Air  4%         N/A       32%         3
c - Call Imp              Summ           20%        N/A       10%         2
d - Blink                 Tloc           20%        N/A       10%         2

Your spell library contained the following spells:

 Spells                   Type           Power      Damage    Failure   Level
 Beastly Appendage        Tmut           10%        N/A       11%         1
 Slow                     Hex            20%        N/A       11%         1
 Sting                    Tmut/Pois      8%         1d3       14%         1
 Wereblood                Tmut           5%         N/A       16%         2
 Poisonous Vapours        Pois/Air       4%         N/A       21%         2
 Cigotuvi's Dreadful Rot  Necr/Pois/Air  2%         N/A       22%         2
 Spider Form              Tmut/Pois      2%         N/A       38%         3
 Olgreb's Toxic Radiance  Pois           5%         N/A       71%         4
 Borgnjor's Revivificati  Necr           2%         N/A       100%        8
 Necromutation            Tmut/Necr      1%         N/A       100%        8
 Death's Door             Necr           2%         N/A       100%        9


Dungeon Overview and Level Annotations

Branches:
Dungeon (2/15)

Altars:

Shops:
D:1 *


Message History

Aiming: Magic Dart (safe; 4% risk of failure)
Press: ? - help, Shift-Dir - straight line, f/p - Robin
Aim: Robin, wielding a +4 dagger of freezing, wearing a +0 animal skin and wearing a +0 helmet (heavily wounded, confused, 100% to hit)
The magic dart hits Robin.
Robin is severely wounded.
You hear a shout!
Casting: Magic Dart (safe; 4% risk of failure)
Confirm with . or Enter, or press ? or * to list all spells.
Aiming: Magic Dart (safe; 4% risk of failure)
Press: ? - help, Shift-Dir - straight line, f/p - Robin
Aim: Robin, wielding a +4 dagger of freezing, wearing a +0 animal skin and wearing a +0 helmet (severely wounded, confused, 100% to hit)
The magic dart hits Robin.
Robin is severely wounded.
Robin closely misses you.
Casting: Magic Dart (safe; 4% risk of failure)
Confirm with . or Enter, or press ? or * to list all spells.
Aiming: Magic Dart (safe; 4% risk of failure)
Press: ? - help, Shift-Dir - straight line, f/p - Robin
Aim: Robin, wielding a +4 dagger of freezing, wearing a +0 animal skin and wearing a +0 helmet (severely wounded, confused, 100% to hit)
You miscast Magic Dart.
You are very lightly contaminated with residual magic.
Nothing appears to happen.
Casting: Magic Dart (safe; 4% risk of failure)
Confirm with . or Enter, or press ? or * to list all spells.
Aiming: Magic Dart (safe; 4% risk of failure)
Press: ? - help, Shift-Dir - straight line, f/p - Robin
Aim: Robin, wielding a +4 dagger of freezing, wearing a +0 animal skin and wearing a +0 helmet (severely wounded, confused, 100% to hit)
The magic dart hits Robin but does no damage.
Robin is severely wounded.
A goblin comes into view. It is wielding a +0 dagger.
You hit Robin but do no damage.
Robin is severely wounded.
The hobgoblin hits you. Robin closely misses you.
You catch the helpless Robin completely off-guard!
You puncture Robin!
You kill Robin!
The hobgoblin hits you.
* * * LOW HITPOINT WARNING * * *
The goblin hits you with a +0 dagger.
You die...

########.###.#...###
########.##...#.####
..##............# #.
#.##.###.##...#.# #.
#.##.# #.###.##.# #.
#.##.# #.###.##.# #.
#)##.# #........# #.
#####.##.# #####.####
#. #.g..#g@)# ##...##
##
#.#.###)g#####.....##
#.g##
##............##
#.#.#
.####.........###
...)g....# .
+.....<...'..
#g###.......
#.........###
#####..# #.......##
.## ##.....## .#
##...##


You could see a hobgoblin and a goblin.

Vanquished Creatures
  Natasha (D:2)
  Robin (D:2)
  An adder (D:2)
  2 dart slugs (D:1)
  5 ball pythons
  2 endoplasms
  2 giant cockroaches
  5 goblins
  4 hobgoblins (D:1)
  4 jackals (D:1)
  3 quokkas
  4 frilled lizards
  3 kobolds (D:1)
  3 rats (D:1)
40 creatures vanquished.

Notes
Turn   | Place    | Note
-------+----------+-------------------------------------------
     0 | D:1      | pokeman the Deep Elf Hedge Wizard began the quest for the
                  | Orb.
     0 | D:1      | Reached XP level 1. HP: 10/10 MP: 7/7
   180 | D:1      | Reached XP level 2. HP: 15/15 MP: 3/9
   529 | D:1      | Found Xuify's General Store.
   598 | D:1      | Reached skill level 5 in Spellcasting
   673 | D:1      | Reached XP level 3. HP: 20/20 MP: 9/11
   677 | D:1      | Learned a level 3 spell: Mephitic Cloud
   680 | D:1      | Learned a level 2 spell: Call Imp
   683 | D:1      | Learned a level 2 spell: Blink
   925 | D:1      | Found a faded altar of an unknown god.
  1329 | D:2      | Reached skill level 1 in Armour
  1445 | D:2      | Noticed Natasha
  1488 | D:2      | Killed Natasha
  1489 | D:2      | Reached skill level 1 in Fighting
  1489 | D:2      | Reached XP level 4. HP: 25/25 MP: 11/13
  1587 | D:2      | Noticed Robin
  1617 | D:2      | Killed Robin
  1617 | D:2      | Slain by a goblin

Illustrated notes

Levels and vault maps discovered:
D:1:      denvon_arrival_planthouse, layout_basic, serial_shops, shop,
          ebering_ecumenical_altar_hall, minmay_split_cup_small
D:2:      layout_loops_corners, uniq_natasha, uniq_terence, uniq_robin

Skill      XL: |  1  2  3 |
---------------+----------+-----
Spellcasting   | 5 |  5.6
Armour         | 1 |  1.0
Fighting       | 1 |  1.1
Conjurations   | 2 |  2.1
Dodging        | |  2.7
Stealth        | |  2.4
Summonings     | |  1.1
Translocations | |  1.1

Action                     |  1- 3 |  4- 6 || total
---------------------------+-------+-------++-------
  Melee: Dagger            |    13 |     6 ||    19
   Cast: Magic Dart        |    93 |    16 ||   109
         Call Imp          |     2 |       ||     2
         Mephitic Cloud    |     1 |     1 ||     2
   Stab: Confused          |     2 |     2 ||     4
 Armour: Robe              |     6 |     2 ||     8
  Dodge: Dodged            |    15 |     3 ||    18

Table legend: (Time is in decaauts)
 A = Elapsed time spent in this place.
 B = Non-inter-level travel time spent in this place.
 C = Inter-level travel time spent in this place.
 D = Time resting spent in this place.
 E = Time spent auto-exploring this place.
 F = Levels seen in this place.
 G = Mean time per level.
                   A        B        C        D        E       F      G
               +--------+--------+--------+--------+--------+-----+--------+
         Total |   1621 |   1592 |     29 |      0 |   1321 |   2 |  810.5 |
       Dungeon |   1621 |   1592 |     29 |      0 |   1321 |   2 |  810.5 |
               +--------+--------+--------+--------+--------+-----+--------+

Top non-repeatable levels by time:
     D:1: 1044 daAuts
     D:2: 577 daAuts
